 Dungeon Crawl Stone Soup version 0.28-a0-1447-ga5a8893891 (webtiles) character file.

Game seed: 4460327116572168985

530470 Hasart the Sensei (level 26, -2/222 HPs)
             Began as an Octopode Transmuter on Jan 11, 2022.
             Was an Initiate of Gozag.
             Slain by a reaper (34 damage)
             ... in the Vestibule of Hell.
             The game lasted 04:19:53 (67288 turns).

Hasart the Sensei (Octopode Transmuter)            Turns: 67288, Time: 04:19:56

Health: -2/222     AC: 32    Str: 12    XL:     26   Next: 20%
Magic:  35/44      EV: 26    Int: 32    God:    Gozag
Gold:   1455       SH: 15    Dex: 26    Spells: 10/60 levels left

rFire   + + .      SeeInvis +     - Unarmed
rCold   + . .      Faith    .   m - +0 kite shield {reflect}
rNeg    + + +      Spirit   .   P - +2 hat
rPois   ∞          Reflect  +   Z - amulet of Cyceaxyk {Rampage rF++ rC- Regen+ SInv}
rElec   +          Harm     .   c - +4 ring of slaying
rCorr   .          Rampage  +   E - +6 ring of dexterity
Will    +....                   U - ring "Tapuf" {rPois Int+3 Dex+4 Slay+3}
Stlth   ++++......              N - ring "Abroroah" {rPois rC+ rN+++ Str-4 Int+2}
HPRegen 1.27/turn               H - +4 ring of evasion
MPRegen 0.29/turn               W - ring of Wisdom {rC+ Slay+2}
                                S - ring "Voek" {rElec Str+6 Int+4 Stlth+}
                                e - +4 ring of slaying

@: statue-form, wereblooded, gold aura, constricted, studying Spellcasting, very
slow
A: slow and powerful, torment resistance 1, boosted hp, almost no armour,
amphibious, 8 rings, camouflage 1, (gelatinous body 1), (nimble swimmer 1),
tentacles
}: 2/15 runes: serpentine, gossamer
a: End Transformation, Renounce Religion, Potion Petition, Call Merchant, Bribe
Branch


You were in the Vestibule of Hell.
You worshipped Gozag.
Gozag was most pleased with you.
You were a living statue of rough stone.
You visited 11 branches of the dungeon, and saw 47 of its levels.
You visited the Abyss 2 times.
You visited 1 bazaar.

You collected 25765 gold pieces.
You spent 9113 gold pieces at shops.
You paid 15197 gold pieces to Gozag.

Inventory:

Hand Weapons
 T - the +7 lajatang of Order {silver, rMut}
   (You took it off a deep elf high priest on level 3 of the Elven Halls)

   It inflicts extra damage upon those it strikes, and deals substantially
   increased damage to chaotic, mutated and magically transformed beings.
   rMut:      It protects you from mutation.
Missiles
 f - 4 silver javelins (quivered)
Armour
 m - a +0 kite shield of reflection (worn)
 P - a +2 hat (worn)
 Y - a +0 tower shield of reflection
Jewellery
 c - a +4 ring of slaying (left tentacle)
 d - a +4 ring of protection
 e - a +4 ring of slaying (on tentacle)
 y - a ring of protection from fire
 C - a ring of resist corrosion
 D - a ring of wizardry
 E - a +6 ring of dexterity (right tentacle)
 H - a +4 ring of evasion (on tentacle)
 N - the ring "Abroroah" (on tentacle) {rPois rC+ rN+++ Str-4 Int+2}
   (You bought it in a shop on level 1 of the Lair of Beasts)

   [ring of protection from cold]

   Str:       It affects your strength (-4).
   Int:       It affects your intelligence (+2).
   rC:        It protects you from cold.
   rPois:     It protects you from poison.
   rN:        It renders you almost immune to negative energy.
 Q - a ring of flight
 S - the ring "Voek" (on tentacle) {rElec Str+6 Int+4 Stlth+}
   (You bought it in a shop on level 4 of the Lair of Beasts)

   [ring of strength]

   Str:       It affects your strength (+6).
   Int:       It affects your intelligence (+4).
   rElec:     It insulates you from electricity.
   Stlth:     It makes you more stealthy.
 U - the ring "Tapuf" (on tentacle) {rPois Int+3 Dex+4 Slay+3}
   (You bought it in a shop on level 1 of the Lair of Beasts)

   [ring of poison resistance]

   Int:       It affects your intelligence (+3).
   Dex:       It affects your dexterity (+4).
   Slay:      It affects your accuracy & damage with ranged weapons and melee
   (+3).
   rPois:     It protects you from poison.
 V - a ring of willpower
 W - the ring of Wisdom (on tentacle) {rC+ Slay+2}
   (You bought it in a shop on level 4 of the Depths)

   [ring of protection from cold]

   Slay:      It affects your accuracy & damage with ranged weapons and melee
   (+2).
   rC:        It protects you from cold.
 Z - the amulet of Cyceaxyk (around mantle) {Rampage rF++ rC- Regen+ SInv}
   (You bought it in a shop on level 1 of the Lair of Beasts)

   [amulet of regeneration]

   rF:        It greatly protects you from fire.
   rC:        It makes you vulnerable to cold.
   SInv:      It lets you see invisible.
   Regen:     It increases your rate of health regeneration.
   Rampage:   It bestows one free step when moving towards enemies.
Wands
 t - a wand of charming (4)
 v - a wand of paralysis (13)
 F - a wand of acid (12)
 I - a wand of mindburst (14)
 J - a wand of digging (3)
 O - a wand of iceblast (22)
Scrolls
 a - 5 scrolls of fear
 j - 35 scrolls of identify
 p - 8 scrolls of silence
 r - 7 scrolls of blinking
 u - 5 scrolls of immolation
 w - a scroll of amnesia
 A - 2 scrolls of enchant weapon
 B - 8 scrolls of magic mapping
 G - 8 scrolls of teleportation
 K - 4 scrolls of fog
 X - a scroll of holy word
Potions
 g - a potion of cancellation
 h - 9 potions of brilliance
 i - 3 potions of magic
 k - 7 potions of haste
 l - 6 potions of might
 n - 17 potions of curing
 o - 9 potions of mutation
 q - 3 potions of invisibility
 s - 4 potions of ambrosia
 x - 2 potions of lignification
 z - 2 potions of resistance
 L - 8 potions of flight
 M - 4 potions of berserk rage
 R - 8 potions of heal wounds
Miscellaneous
 b - a condenser vane


   Skills:
 + Level 11.7 Fighting
 - Level 1.5 Throwing
 - Level 15.0 Dodging
 + Level 12.0 Shields
 + Level 21.3 Unarmed Combat
 + Level 17.9 Spellcasting
 - Level 15.0 Conjurations
 + Level 7.5 Translocations
 - Level 18.0 Transmutations
 - Level 10.0 Ice Magic
 - Level 12.0 Air Magic
 - Level 10.0 Earth Magic
 - Level 9.0 Poison Magic
 + Level 8.5 Evocations


You had 10 spell levels left.
You knew the following spells:

 Your Spells              Type           Power      Damage    Failure   Level
a - Beastly Appendage     Tmut           100%       N/A       0%          1
b - Wereblood             Tmut           97%        N/A       0%          2
c - Ice Form              Ice/Tmut       87%        N/A       1%          4
d - Statue Form           Tmut/Erth      58%        N/A       1%          6
e - Swiftness             Air            81%        N/A       1%          3
f - Olgreb's Toxic Radia  Pois           72%        N/A       1%          4
g - Freezing Cloud        Conj/Ice/Air   41%        6-21      1%          5
h - Blink                 Tloc           100%       N/A       1%          2
i - Manifold Assault      Tloc           67%        N/A       3%          5
j - Necromutation         Tmut/Necr      36%        N/A       99%         8
q - Ozocubu's Armour      Ice            75%        N/A       1%          3
s - Dragon Form           Tmut           48%        N/A       1%          7

Your spell library contained the following spells:

 Spells                   Type           Power      Damage    Failure   Level
 Magic Dart               Conj           100%       1d8       0%          1
 Sting                    Tmut/Pois      100%       1d8       0%          1
 Passwall                 Tmut/Erth      72%        N/A       0%          2
 Searing Ray              Conj           100%       2d8       0%          2
 Static Discharge         Conj/Air       86%        N/A       0%          2
 Foxfire                  Conj/Fire      100%       2x1d9     1%          1
 Freeze                   Ice            100%       1d11      1%          1
 Sandblast                Erth           100%       2d20      1%          1
 Ensorcelled Hibernation  Hex/Ice        100%       N/A       1%          2
 Poisonous Vapours        Pois/Air       100%       N/A       1%          2
 Conjure Flame            Conj/Fire      67%        6-21      1%          3
 Frozen Ramparts          Ice            100%       1d12      1%          3
 Gell's Gravitas          Tloc           67%        N/A       1%          3
 Ignite Poison            Fire/Tmut/Pois 72%        N/A       1%          3
 Lesser Beckoning         Tloc           67%        N/A       1%          3
 Mephitic Cloud           Conj/Pois/Air  81%        N/A       1%          3
 Portal Projectile        Hex/Tloc       100%       N/A       1%          3
 Spider Form              Tmut/Pois      86%        N/A       1%          3
 Stone Arrow              Conj/Erth      100%       3d13      1%          3
 Teleport Other           Tloc           67%        N/A       1%          3
 Airstrike                Air            40%        N/A       1%          4
 Flame Wave               Conj/Fire      67%        2d10      1%          4
 Fulminant Prism          Conj/Hex       33%        3d16      1%          4
 Hailstorm                Conj/Ice       83%        3d17      1%          4
 Iskenderun's Mystic Bla  Conj/Tloc      79%        2d16      1%          4
 Passage of Golubria      Tloc           67%        N/A       1%          4
 Petrify                  Tmut/Erth      87%        N/A       1%          4
 Sticky Flame             Conj/Fire      67%        2d8       1%          4
 Blade Hands              Tmut           48%        N/A       1%          5
 Irradiate                Conj/Tmut      47%        3d29      1%          5
 Lee's Rapid Deconstruct  Erth           37%        3d20*     1%          5
 Lightning Bolt           Conj/Air       43%        1d62      1%          5
 Animate Skeleton         Necr           56%        N/A       2%          1
 Pain                     Necr           100%       1d9       2%          1
 Summon Small Mammal      Summ           100%       N/A       2%          1
 Summon Lightning Spire   Summ/Air       61%        N/A       2%          4
 Iron Shot                Conj/Erth      41%        9d8       2%          6
 Summon Ice Beast         Ice/Summ       57%        N/A       3%          4
 Call Imp                 Summ           28%        N/A       4%          2
 Scorch                   Fire           56%        2d7       4%          2
 Orb of Destruction       Conj           45%        9d15      4%          7
 Silence                  Hex/Air        30%        N/A       7%          5
 Call Canine Familiar     Summ           28%        N/A       9%          3
 Inner Flame              Hex/Fire       28%        N/A       9%          3
 Summon Guardian Golem    Hex/Summ       28%        N/A       9%          3
 Vampiric Draining        Necr           28%        2d8       9%          3
 Metabolic Englaciation   Hex/Ice        28%        N/A       10%         5
 Cause Fear               Hex            14%        N/A       28%         4
 Dispel Undead            Necr           28%        3d13      28%         4
 Ozocubu's Refrigeration  Ice            37%        4d12      36%         7
 Simulacrum               Ice/Necr       28%        N/A       50%         6
 Excruciating Wounds      Necr           14%        N/A       61%         5
 Summon Mana Viper        Hex/Summ       28%        N/A       61%         5
 Spellforged Servitor     Conj/Summ      33%        N/A       71%         7
 Lehudib's Crystal Spear  Conj/Erth      41%        10d10     71%         8
 Summon Cactus Giant      Summ           14%        N/A       99%         6
 Monstrous Menagerie      Summ           14%        N/A       100%        7
 Borgnjor's Revivificati  Necr           14%        N/A       100%        8
 Discord                  Hex            14%        N/A       100%        8
 Ignition                 Fire           14%        3d6       100%        8
 Death's Door             Necr           14%        N/A       100%        9
 Polar Vortex             Ice            37%        N/A       100%        9
 Animate Armour           Summ/Erth      Unusable   N/A       N/A         4

Dungeon Overview and Level Annotations

Branches:
Dungeon (15/15)            Temple (1/1) D:4            Lair (6/6) D:9
  Snake (4/4) Lair:4       Spider (4/4) Lair:2        Slime (0/5) Lair:5
    Orc (2/2) D:10            Elf (3/3) Orc:2        Vaults (4/5) D:14
  Crypt (3/3) Vaults:2       Tomb (0/3) Crypt:3      Depths (4/4) D:15
   Hell (1/1)                 Dis (0/7) Hell            Geh (0/7) Hell
    Coc (0/7) Hell            Zot (0/5) Depths:4
    Tar: Hell:1

Altars:
Ashenzari
Cheibriados
Dithmenos
Elyvilon
Fedhas
Gozag
Hepliaklqana
Kikubaaqudgha
Makhleb
Nemelex Xobeh
Okawaru
Qazlal
Ru
Sif Muna
Trog
Uskayaw
Vehumet
Wu Jian
Xom
Yredelemnul
Zin
The Shining One
Beogh
Jiyva
Lugonu

Shops:
D:2 [   D:8 :   D:13 !   D:14 =   Orc:1 :   Orc:2 ?(?((   Elf:3 *[=
Lair:1 ===   Lair:2 :   Lair:4 =   Snake:1 *   Snake:2 ?   Snake:3 :==
Vaults:2 [   Vaults:3 (?   Depths:3 =::   Depths:4 =:

Portals:
Hell: Depths:1 Depths:2 Depths:3 Depths:4
Abyss: Depths:1 Depths:3
Pandemonium: Depths:2 Depths:3
Ziggurat: Depths:3
Trove: D:13 (give 6 scrolls of fog)

Annotations:
Vaults:4 3 runed translucent doors, Cewk's ghost, adept DEVM


Innate Abilities, Weirdness & Mutations

You are a living statue of rough stone.
Your actions are slow, but your melee attacks are powerful.
You are resistant to unholy torment.
Your maximum health is greatly increased.
You are immune to poison.
You cannot wear most types of armour.
You are amphibious.
You can wear up to eight rings at the same time.
Your skin changes colour to match your surroundings (Stealth+).
((Your rubbery body absorbs attacks. (AC +1, EV +1)))
((You are camouflaged when in or above water. (Stealth+)))
You have tentacles for arms and can constrict up to eight enemies at once.


Message History

The anaconda simulacrum constricts you.
You bludgeon the anaconda simulacrum!
The anaconda simulacrum is severely damaged.
You block the anaconda simulacrum's attack.
The anaconda simulacrum constricts you. The reaper barely misses you.
The necromancer misses you.
The skeletal warrior hits you with a +0 war axe.
The reaper says, "Everyone has to die sometime, and your time is now."
The reaper hits you from afar with a +2 antimagic scythe!!
* * * LOW HITPOINT WARNING * * *
You feel your power leaking away.
You block the anaconda simulacrum's attack.
The anaconda simulacrum constricts you.
You thrash the necromancer!!!
You feel a bit better.
You kill the necromancer!
The reaper barely misses you. The anaconda simulacrum bites you.
* * * LOW HITPOINT WARNING * * *
The anaconda simulacrum freezes you! You resist.
* * * LOW HITPOINT WARNING * * *
The anaconda simulacrum constricts you.
The skeletal warrior hits you with a +0 war axe!
* * * LOW HITPOINT WARNING * * *
The reaper completely misses you. The reaper shouts, "Death awaits you!"
The reaper completely misses you.
Unknown command.
The anaconda simulacrum's grasp on you weakens, but your attempt to escape fails.
You howl as the wereblood boils in your veins!
The anaconda simulacrum completely misses you.
The anaconda simulacrum constricts you.
You block the anaconda simulacrum's attack.
The anaconda simulacrum constricts you.
* * * LOW HITPOINT WARNING * * *
The skeletal warrior misses you.
The reaper whispers, "Time's up, Hasart!"
You block the reaper's attack.
An iron giant zombie comes into view.
The reaper hits you from afar with a +1 scythe of venom!!
You die...
Your body crumbles into a pile of gold.

≈≈≈...........#.#.............≈§§
≈≈.............#...............≈.
≈................................
.................................
.................................
.................................
.................................
................$................
............##'$8##..............
...........##..Z$z##.............
..........##.Z#.#22##............
.........##.. ## Z..##...........
........##.. ....##..........
........#.. .##..#..........
........## .. ###..........
.......## .. ##......... .......#
#.........


You could see 2 reapers, a skeletal warrior, an anaconda simulacrum, a dire
elephant zombie and an iron giant zombie (wandering).

Vanquished Creatures
  Mara (Snake:4)
  A dread lich (Crypt:3)
  Vashnia (Snake:2)
  A caustic shrike (Depths:3)
  Geryon (Hell)
  2 golden dragons
  Nikola (Elf:2)
  The ghost of Hagriufa the Eclecticist, a veteran VSSu of Ashenzari (Crypt:1)
  Arachne (Spider:4)
  2 bone dragons
  A hellephant (Hell)
  2 walking crystal tomes
  3 tentacled monstrosities
  A titan (Vaults:4)
  A walking frostbound tome (Depths:4)
  A quicksilver dragon (Depths:3)
  Asterion (Spider:3)
  6 liches
  3 deep elf blademasters
  2 deep elf master archers (Elf:3)
  6 ancient champions
  Gastronok (D:9)
  3 tentacled starspawn (Abyss:3)
  A shadow dragon (Vaults:3)
  3 sphinxes
  Donald (Snake:2)
  A storm dragon (Depths:3)
  5 tengu reavers
  2 nagarajas (Snake:4)
  2 balrugs
  6 fire giants
  A revenant (Crypt:1)
  6 deep elf sorcerers
  9 frost giants
  An iron dragon (Depths:3)
  17 vault wardens
  A draconian scorcher (Depths:4)
  Aizul (Snake:2)
  3 ghost moths
  3 orc warlords
  4 curse skulls
  9 emperor scorpions
  2 ghouls (Crypt:2)
  7 deep elf elementalists (Elf:3)
  An angel (Abyss:3)
  10 ironbound preservers
  A caustic shrike skeleton (Crypt:3)
  2 juggernaut skeletons (Crypt:3)
  10 stone giants
  A broodmother (shapeshifter) (Abyss:3)
  2 broodmothers
  28 very ugly things
  7 war gargoyles
  6 ironbound thunderhulks
  8 vampire knights
  3 spriggan defenders (Depths:3)
  2 green draconians (Depths:4)
  8 deep elf annihilators
  A purple draconian (Depths:4)
  A white draconian (Depths:4)
  4 entropy weavers
  A lorocyproca (Hell)
  6 spark wasps
  A black draconian (Depths:4)
  An eidolon (Crypt:1)
  A wendigo (Hell)
  3 yellow draconians (Depths:4)
  4 deep elf demonologists (Elf:3)
  15 dire elephants
  11 ettins
  3 blizzard demons (Hell)
  Snorg (D:10)
  An iron golem (Hell)
  8 deep elf death magi
  3 crystal guardians (Crypt:3)
  4 deep elf high priests
  12 fire dragons
  10 jiangshi
  8 yaktaur captains
  9 great orbs of eyes
  22 vault guards
  7 boulder beetles
  A rakshasa (Depths:3)
  5 ice dragons
  12 hydras
  A jorogumo (Spider:3)
  3 salamander tyrants
  2 ogre magi (D:15)
  A peacekeeper (Vaults:2)
  3 spriggan air magi
  2 spriggan zombies
  16 naga warriors
  5 ironbound frosthearts
  9 centaur warriors
  2 spriggan skeletons
  9 anacondas
  A radroach (Spider:2)
  A catoblepas (Lair:2)
  A fenstrider witch skeleton (Crypt:2)
  7 death yaks
  6 tengu warriors
  9 two-headed ogres
  2 death knights
  8 vampire magi
  12 deep troll shamans
  12 hell hogs
  A death scarab (Spider:2)
  6 deep troll earth magi
  2 thrashing horrors (Abyss:3)
  4 orc high priests
  16 naga sharpshooters
  6 soul eaters
  19 deep elf knights
  11 shock serpents
  2 sun demons
  A titan zombie (Depths:2)
  A storm dragon zombie (Vaults:4)
  5 spriggan berserkers
  A spriggan (Depths:3)
  A wretched star (Abyss:3)
  18 hell knights
  12 pharaoh ants
  A sixfirhy (Abyss:3)
  17 iron trolls
  A shadow wraith (Crypt:2)
  The ghost of qborf the Spear-Bearer, a novice GnWn of Elyvilon (D:6)
  2 golden dragon zombies (Crypt:3)
  40 skeletal warriors
  6 salamander mystics
  2 bunyip zombies (Hell)
  A spatial maelstrom (Abyss:3)
  A sun moth (Spider:2)
  3 glowing orange brains
  A ghost moth zombie (Crypt:1)
  43 deep trolls
  17 orb spiders
  A golden dragon skeleton (Crypt:1)
  2 spriggan simulacra (Hell)
  3 flayed ghosts
  9 naga ritualists
  11 wizards
  3 steelbarb worms
  A harpy (shapeshifter) (D:14)
  9 deep elf archers
  19 necromancers
  18 lindwurms
  An anaconda skeleton (Crypt:1)
  29 deep elf pyromancers
  9 phantasmal warriors
  19 ironbound convokers
  15 mana vipers
  2 shadow dragon zombies
  23 deep elf zephyrmancers
  35 wolf spiders
  11 harpies
  5 oklob plants
  A wolf spider zombie (Crypt:1)
  24 salamanders
  6 orc knights
  61 ugly things
  A mana viper (shapeshifter) (Elf:3)
  A frost giant skeleton (Depths:2)
  A shadow dragon skeleton (Depths:2)
  2 manticores
  5 orc sorcerers
  4 moths of wrath
  2 frost giant zombies
  4 cyclopes
  11 guardian serpents
  22 elephants
  16 naga magi
  7 rust devils (Hell)
  8 smoke demons
  2 molten gargoyles (Lair:6)
  2 human skeletons (Vaults:4)
  A dire elephant zombie (Crypt:3)
  15 vault sentinels
  56 black mambas
  20 cane toads
  An apocalypse crab (Abyss:3)
  An alligator snapping turtle zombie (Crypt:3)
  An unseen horror (D:12)
  4 torpor snails
  2 stone giant skeletons
  2 gargoyles
  A naga skeleton (Crypt:3)
  2 human zombies (Vaults:4)
  A hellion (Hell)
  A dire elephant skeleton (Crypt:3)
  29 yaktaurs
  An efreet (Abyss:3)
  A yaktaur zombie (Vaults:2)
  2 bunyip simulacra
  A swamp worm zombie (Crypt:1)
  6 demonic crawlers
  10 komodo dragons
  5 ancient zymes (Abyss:3)
  4 freezing wraiths
  A yaktaur (shapeshifter) (D:14)
  3 tengu conjurers
  A minotaur skeleton (Crypt:3)
  A yaktaur skeleton (Vaults:4)
  A golden dragon simulacrum (Depths:1)
  A red devil (Hell)
  7 trolls
  2 harpy zombies
  2 shadow dragon simulacra (Hell)
  A merfolk (D:15)
  4 hornets
  A tengu simulacrum (Hell)
  2 ettin zombies (Vaults:4)
  A harpy skeleton (Hell)
  3 meliai (Spider:1)
  25 tarantellas
  A tarantella (shapeshifter) (Abyss:3)
  18 blink frogs
  A radroach zombie (Crypt:2)
  A raiju (Abyss:3)
  38 slime creatures
  A frost giant simulacrum (Vaults:2)
  20 culicivoras
  48 flying skulls
  A centaur simulacrum (D:15)
  27 jumping spiders
  6 air elementals
  3 shadows
  A spriggan (shapeshifter) (D:14)
  2 fire elementals
  13 wyverns
  2 vampires
  2 fire bats (Depths:1)
  20 water elementals
  9 large abominations (Abyss:3)
  3 small abominations (Abyss:3)
  10 wraiths
  10 basilisks
  47 yaks
  2 chaos spawn (Abyss:3)
  10 vampire mosquitoes
  2 spatial vortices (Abyss:3)
  64 redbacks
  2 steam dragons (Lair:6)
  A catoblepas simulacrum (Hell)
  A redback (shapeshifter) (Vaults:3)
  Menkaure (D:5)
  3 wargs
  2 acid dragons
  54 nagas
  An acid dragon (shapeshifter) (D:14)
  A harpy simulacrum (Hell)
  The ghost of orehx the Sneak, an amateur KoEn (D:4)
  6 hell hounds
  20 water moccasins
  A meliai simulacrum (D:14)
  26 orc warriors
  An elephant zombie (Crypt:2)
  A black bear (D:8)
  5 sky beasts
  3 ice beasts
  An ettin simulacrum (Hell)
  3 ogres
  6 necrophages
  8 boggarts
  3 phantoms (D:10)
  35 wolves
  A dream sheep skeleton (Crypt:1)
  A blink frog skeleton (Crypt:2)
  3 centaurs
  3 kobold brigands
  A komodo dragon zombie (Crypt:1)
  14 bullfrogs
  A wyvern zombie (Crypt:2)
  A gnoll sergeant (D:9)
  4 earth elementals
  2 scorpions (D:4)
  A warg zombie (Crypt:2)
  2 water moccasin skeletons
  15 wights
  18 killer bees
  A yak skeleton (Crypt:1)
  5 howler monkeys
  A spectral centaur (D:6)
  5 lava snakes (Lair:6)
  7 starcursed masses (Abyss:3)
  3 centaur zombies
  12 orc priests
  A bullfrog zombie (D:6)
  2 hounds
  2 gnoll shamans
  A human simulacrum (Vaults:2)
  2 iguanas (D:5)
  22 orc wizards
  A scorpion zombie (Crypt:2)
  5 hell rats (Hell)
  3 killer bee zombies
  6 ogre zombies (D:10)
  2 hound zombies (D:5)
  A spectral howler monkey (D:6)
  A hound skeleton (D:5)
  2 howler monkey zombies
  10 gnolls
  2 howler monkey skeletons
  3 adders
  A howler monkey simulacrum (D:6)
  3 ufetubi
  An adder skeleton (D:4)
  A worm (D:5)
  A dart slug (D:1)
  53 orcs
  3 bats
  7 endoplasms
  7 giant cockroaches
  12 goblins
  14 hobgoblins
  A hobgoblin (shapeshifter) (Depths:3)
  3 jackals (D:1)
  4 quokkas
  10 ball pythons
  3 frilled lizards (D:1)
  A goblin skeleton (D:10)
  A goblin zombie (D:10)
  A hobgoblin skeleton (D:10)
  2 hobgoblin zombies (D:10)
  15 kobolds
  2 orc skeletons (D:10)
  12 orc zombies (D:10)
  5 rats
  2 fire vortices (Hell)
  7 starspawn tentacles (Abyss:3)
2241 creatures vanquished.

Vanquished Creatures (others)
  A fire giant (Depths:2)
  An ironbound preserver (Vaults:4)
  29 dancing weapons
  A deep elf knight (Elf:2)
  A deep elf zephyrmancer (Elf:2)
  A culicivora (Spider:3)
  A fire bat (Depths:1)
  An orc wizard (D:7)
  21 fungi
  73 plants
  9 starspawn tentacles (Abyss:3)
  12 toadstools (Lair:3)
151 creatures vanquished.

Grand Total: 2392 creatures vanquished

Notes
Turn   | Place    | Note
-------+----------+-------------------------------------------
     0 | D:1      | Hasart the Octopode Transmuter began the quest for the Orb.
     0 | D:1      | Reached XP level 1. HP: 13/13 MP: 3/3
   500 | D:1      | Reached XP level 2. HP: 17/18 MP: 5/5
   511 | D:1      | Learned a level 2 spell: Wereblood
   841 | D:1      | Reached XP level 3. HP: 23/23 MP: 6/6
  1715 | D:2      | Found Jugin's Antique Armour Boutique.
  2252 | D:3      | Reached XP level 4. HP: 18/28 MP: 7/7
  2453 | D:3      | Found a hide-covered altar of Uskayaw.
  2846 | D:3      | Identified the +10 hand crossbow of the Enchanted Forest
                  | {penet, Fly rC- Str+2 Dex+5}
  2941 | D:4      | Found a staircase to the Ecumenical Temple.
  2941 | D:4      | Noticed a scorpion
  2950 | D:4      | Killed a scorpion
  2951 | D:4      | Reached XP level 5. HP: 28/34 MP: 8/8
  2960 | Temple   | Entered the Ecumenical Temple
  3075 | Temple   | Became a worshipper of Gozag Ym Sagoz the Greedy
  3106 | D:4      | Reached skill level 1 in Throwing
  3106 | D:4      | Reached skill level 4 in Unarmed Combat
  3153 | D:4      | Found a runed translucent gate.
  3154 | D:4      | Found a runed translucent gate.
  3155 | D:4      | Found a runed translucent gate.
  3155 | D:4      | Noticed orehx's ghost (amateur KoEn)
  3446 | D:4      | Reached XP level 6. HP: 32/39 MP: 8/10
  4098 | D:4      | Learned a level 4 spell: Ice Form
  4102 | D:4      | Learned a level 3 spell: Spider Form
  4110 | D:5      | Entered Level 5 of the Dungeon
  4110 | D:5      | Noticed a sky beast
  4530 | D:5      | Killed a sky beast
  4531 | D:5      | Reached skill level 1 in Poison Magic
  4531 | D:5      | Reached XP level 7. HP: 29/45 MP: 8/11
  4715 | D:5      | Reached skill level 1 in Ice Magic
  4781 | D:5      | Reached skill level 5 in Unarmed Combat
  5175 | D:5      | Noticed Menkaure
  5178 | D:5      | Killed Menkaure
  5179 | D:5      | Reached XP level 8. HP: 52/52 MP: 13/13
  5439 | D:6      | Learned a level 2 spell: Poisonous Vapours
  5906 | D:6      | Reached skill level 6 in Unarmed Combat
  6192 | D:6      | Found a runed translucent gate.
  6192 | D:6      | Found a runed translucent gate.
  6192 | D:6      | Found a runed translucent gate.
  6198 | D:6      | Noticed qborf's ghost (novice GnWn)
  6301 | D:6      | Found a burning altar of Makhleb.
  7107 | D:7      | Reached XP level 9. HP: 32/58 MP: 12/15
  7108 | D:7      | Noticed a troll
  7115 | D:7      | Killed a troll
  7213 | D:7      | Noticed a hornet
  7221 | D:7      | Killed a hornet
  7224 | D:7      | Reached skill level 7 in Unarmed Combat
  7295 | D:7      | Reached skill level 5 in Dodging
  7471 | D:7      | Reached skill level 5 in Transmutations
  7817 | D:7      | Found a shimmering blue altar of Sif Muna.
  8202 | D:8      | Reached XP level 10. HP: 63/65 MP: 17/17
  8266 | D:8      | Reached skill level 5 in Poison Magic
  8302 | D:8      | Reached skill level 5 in Fighting
  8302 | D:8      | Reached skill level 5 in Spellcasting
  8344 | D:8      | Reached skill level 1 in Evocations
  8477 | D:8      | Identified the +3 buckler "Moegawni" {Harm rPois Dex-3}
  8511 | D:8      | Reached skill level 8 in Unarmed Combat
  8595 | D:8      | Found a basalt altar of Yredelemnul.
  8606 | D:8      | Found a radiant altar of Vehumet.
  9355 | D:9      | Noticed an elephant
  9355 | D:9      | Found a staircase to the Lair.
  9356 | D:9      | Identified the +2 kite shield of Springtime {Int+2 Stlth+}
  9419 | D:8      | Killed an elephant
  9610 | D:9      | Found an ancient bone altar of Kikubaaqudgha.
  9798 | D:9      | Noticed a two-headed ogre
  9817 | D:9      | Killed a two-headed ogre
  9818 | D:9      | Reached XP level 11. HP: 51/72 MP: 18/19
  9917 | D:9      | Noticed a cyan ugly thing
  9921 | D:9      | Killed a cyan ugly thing
  9922 | D:9      | Reached skill level 5 in Ice Magic
  9922 | D:9      | Noticed a manticore
  9978 | D:9      | Reached skill level 9 in Unarmed Combat
  9995 | D:9      | Killed a manticore
 10077 | D:9      | Found a snail-covered altar of Cheibriados.
 10079 | D:9      | Found a stormy altar of Qazlal.
 10087 | D:9      | Found a broken altar of Ashenzari.
 10112 | D:9      | You fall into a shaft and drop 1 floor!
 10112 | D:10     | Entered Level 10 of the Dungeon
 10112 | D:10     | Noticed Snorg
 10422 | D:11     | Noticed a cyclops
 10432 | D:11     | Killed a cyclops
 10693 | D:11     | Learned a level 4 spell: Olgreb's Toxic Radiance
 10727 | D:10     | Noticed a tengu warrior
 10733 | D:10     | Noticed a tengu warrior
 10738 | D:10     | Killed a tengu warrior
 10747 | D:10     | Killed a tengu warrior
 11083 | D:10     | Found a staircase to the Orcish Mines.
 11362 | D:10     | Killed Snorg
 11816 | D:9      | Noticed Gastronok
 11903 | Lair:1   | Entered Level 1 of the Lair of Beasts
 12001 | D:9      | Reached skill level 10 in Unarmed Combat
 12003 | D:9      | Reached XP level 12. HP: 31/80 MP: 21/21
 12100 | Lair:1   | Noticed a four-headed hydra
 12112 | Lair:1   | Killed a four-headed hydra
 12113 | Lair:1   | Reached skill level 5 in Evocations
 12222 | Lair:1   | Noticed a six-headed hydra
 12246 | Lair:1   | Killed a six-headed hydra
 12988 | Lair:2   | Noticed an eight-headed hydra
 13085 | Orc:1    | Entered Level 1 of the Orcish Mines
 13173 | Orc:1    | Reached skill level 11 in Unarmed Combat
 13321 | Orc:1    | Noticed an orc warlord
 13356 | Orc:1    | Killed an orc warlord
 13490 | Orc:2    | Entered Level 2 of the Orcish Mines
 13586 | Orc:2    | Found a staircase to the Elven Halls.
 13676 | Orc:2    | Found Diah's Magic Scroll Shoppe.
 13685 | Orc:2    | Bought a scroll of teleportation for 45 gold pieces
 13723 | Orc:2    | Noticed an orc warlord
 14125 | D:9      | Killed Gastronok
 14126 | D:9      | Reached XP level 13. HP: 68/88 MP: 24/24
 14631 | Lair:2   | You fall into a shaft and drop 1 floor!
 15033 | Lair:2   | Found a hole to the Spider Nest.
 15180 | Lair:2   | Reached skill level 12 in Unarmed Combat
 15355 | Lair:2   | Learned a level 5 spell: Freezing Cloud
 16157 | Lair:3   | Noticed a dire elephant
 16157 | Lair:3   | Noticed a dire elephant
 16178 | Lair:3   | Found a runed translucent door.
 16321 | Lair:3   | Reached skill level 1 in Air Magic
 16385 | Lair:3   | Reached skill level 1 in Conjurations
 17293 | Lair:4   | Reached XP level 14. HP: 58/95 MP: 26/26
 17408 | Lair:4   | Found a staircase to the Snake Pit.
 18909 | Lair:5   | Found a staircase to the Slime Pits.
 18992 | Lair:5   | Reached skill level 13 in Unarmed Combat
 19561 | Lair:6   | Entered Level 6 of the Lair of Beasts
 20016 | Lair:4   | Bought the ring "Voek" {rElec Str+6 Int+4 Stlth+} for 1422
                  | gold pieces
 20199 | Lair:6   | Reached XP level 15. HP: 101/101 MP: 27/27
 20358 | Lair:6   | Found a hide-covered altar of Uskayaw.
 20359 | Lair:6   | Found an ornate altar of the Wu Jian Council.
 21297 | Lair:6   | Found a large runed translucent door.
 21297 | Lair:6   | Found a large runed translucent door.
 22069 | Lair:4   | Bought a ring of see invisible for 255 gold pieces
 22345 | Orc:1    | Killed an orc warlord
 23035 | Orc:2    | Found Talavucrur's Magic Scroll Emporium.
 23035 | Orc:2    | Found Uptapt's Antique Weapon Emporium.
 23037 | Orc:2    | Found Fideolucw's Weapon Boutique.
 23037 | Orc:2    | Found Kossux's Weapon Boutique.
 23283 | D:11     | Reached skill level 5 in Conjurations
 23491 | D:12     | Reached skill level 5 in Air Magic
 23508 | D:12     | Reached skill level 10 in Transmutations
 23512 | D:12     | Reached skill level 14 in Unarmed Combat
 23911 | D:12     | Reached skill level 10 in Dodging
 25466 | D:13     | Reached skill level 10 in Fighting
 25773 | D:13     | Found a portal to a secret trove of treasure.
 26104 | D:14     | Found a sacrificial altar of Ru.
 26256 | D:14     | Found Xelydd's Jewellery Shoppe.
 26261 | D:14     | Bought a ring of willpower for 325 gold pieces
 26271 | D:14     | Learned a level 7 spell: Dragon Form
 26357 | D:14     | Found a gate to the Vaults.
 26364 | D:14     | Reached XP level 16. HP: 103/109 MP: 20/29
 27305 | D:15     | Entered Level 15 of the Dungeon
 27724 | D:15     | Found a faded altar of an unknown god.
 27725 | D:15     | Found a hazy altar of Hepliaklqana.
 27952 | D:15     | Reached skill level 10 in Ice Magic
 28262 | D:15     | Found a staircase to the Depths.
 28362 | D:15     | Reached skill level 15 in Unarmed Combat
 28640 | D:4      | Killed orehx's ghost
 28707 | D:6      | Killed qborf's ghost
 29109 | Snake:1  | Entered Level 1 of the Snake Pit
 29123 | Snake:1  | Reached skill level 10 in Spellcasting
 30204 | Lair:4   | Bought a +4 ring of protection for 612 gold pieces
 30420 | Snake:1  | Reached XP level 17. HP: 74/115 MP: 31/31
 30914 | Snake:1  | Learned a level 3 spell: Ozocubu's Armour
 31493 | Snake:2  | Found Iguyruk's Magic Scroll Shop.
 31860 | Snake:2  | Noticed Aizul
 31869 | Snake:2  | Killed Aizul
 32191 | Snake:2  | Noticed Donald
 32205 | Snake:2  | Killed Donald
 32357 | Snake:2  | Noticed Vashnia
 32703 | Spider:1 | Entered Level 1 of the Spider Nest
 32899 | Spider:1 | Reached skill level 16 in Unarmed Combat
 35069 | Spider:2 | Reached XP level 18. HP: 120/120 MP: 10/32
 36295 | Spider:3 | Noticed Asterion
 36305 | Spider:3 | Killed Asterion
 37555 | Spider:4 | Entered Level 4 of the Spider Nest
 37922 | Spider:4 | Noticed Arachne
 38069 | Spider:4 | Killed Arachne
 39025 | Spider:4 | Reached skill level 17 in Unarmed Combat
 39214 | Spider:4 | Got a gossamer rune of Zot
 39337 | Spider:4 | Reached XP level 19. HP: 126/126 MP: 20/34
 39771 | Elf:1    | Entered Level 1 of the Elven Halls
 39875 | Elf:1    | Found a radiant altar of Vehumet.
 40188 | Elf:1    | You fall into a shaft and drop 1 floor!
 40212 | Elf:2    | Reached skill level 10 in Conjurations
 40237 | Elf:2    | Paralysed by an air elemental for 1 turns
 40240 | Elf:2    | Reached skill level 10 in Air Magic
 40254 | Elf:2    | Found a flickering gateway to a bazaar.
 40266 | Bazaar   | Entered a bazaar
 40266 | Bazaar   | Found Pisho's Distillery.
 40266 | Bazaar   | Found Paetuesi's Antique Armour Shoppe.
 40267 | Bazaar   | Found Coyl's Jewellery Emporium.
 40267 | Bazaar   | Found Wufeannod's Distillery.
 40391 | Bazaar   | Bought a potion of heal wounds for 60 gold pieces
 40391 | Bazaar   | Bought a potion of heal wounds for 60 gold pieces
 41834 | Elf:2    | Paralysed by an air elemental for 1 turns
 42214 | Elf:2    | Found a runed translucent gate.
 42217 | Elf:2    | Found a runed translucent gate.
 42217 | Elf:2    | Found a runed translucent gate.
 42256 | Elf:2    | Noticed Nikola
 42269 | Elf:2    | Killed Nikola
 44234 | Elf:3    | Entered Level 3 of the Elven Halls
 44363 | Elf:3    | Cast into level 3 of the Abyss (a deep elf sorcerer)
 44553 | Elf:3    | Escaped the Abyss
 44744 | Elf:3    | Cast into level 3 of the Abyss (a deep elf demonologist)
 44744 | Abyss:3  | Found a corrupted altar of Lugonu.
 44829 | Abyss:3  | Paralysed by accursed screaming for 1 turns
 44908 | Elf:3    | Escaped the Abyss
 45043 | Elf:3    | Identified the +3 battleaxe "Fokkevaann" {flame, Str+4}
 45044 | Elf:3    | Reached XP level 20. HP: 132/132 MP: 23/36
 45047 | Elf:3    | Identified the +6 spear of Impermanence {protect, Dex+4}
 45761 | Elf:3    | Identified the +5 chain mail "Rutilu" {Rampage +Inv rCorr
                  | Dex-2}
 46621 | Elf:3    | Learned a level 6 spell: Statue Form
 46625 | Elf:3    | Learned a level 3 spell: Swiftness
 46797 | Elf:3    | Found Elullob's Jewellery Shoppe.
 46849 | Elf:3    | Found Dugifik's Armour Emporium.
 46853 | Elf:3    | Found Linerung's General Store.
 47612 | Lair:1   | Bought the ring "Tapuf" {rPois Int+3 Dex+4 Slay+3} for 651
                  | gold pieces
 47776 | Snake:3  | Reached skill level 18 in Unarmed Combat
 47781 | Snake:3  | Reached skill level 1 in Earth Magic
 47989 | Lair:1   | Bought a ring of protection from cold for 375 gold pieces
 48175 | Snake:2  | Killed Vashnia
 49040 | Lair:1   | Bought the amulet of Cyceaxyk {Rampage rF++ rC- Regen+
                  | SInv} for 620 gold pieces
 49288 | Snake:3  | Found Vuegew's Jewellery Shop.
 49290 | Snake:3  | Found Zoarilo's Jewellery Boutique.
 49293 | Snake:3  | Found Ziothryi's Book Shop.
 49696 | Snake:3  | Found a white marble altar of Elyvilon.
 50130 | Snake:4  | Entered Level 4 of the Snake Pit
 50146 | Snake:4  | Noticed Mara
 50157 | Snake:4  | Killed Mara
 50285 | Snake:4  | Reached XP level 21. HP: 137/137 MP: 31/38
 50795 | Snake:4  | Reached skill level 1 in Shields
 51118 | Snake:4  | Got a serpentine rune of Zot
 51692 | Vaults:1 | Entered Level 1 of the Vaults
 53249 | Vaults:2 | Reached skill level 5 in Earth Magic
 53574 | Vaults:2 | Reached skill level 15 in Dodging
 53581 | Vaults:2 | Reached skill level 15 in Transmutations
 53774 | Vaults:2 | Reached XP level 22. HP: 143/143 MP: 34/39
 53873 | Vaults:2 | Reached skill level 5 in Shields
 53935 | Vaults:2 | Found Urapliv's Armour Boutique.
 54034 | Vaults:2 | Found a staircase to the Crypt.
 54726 | Vaults:3 | Reached skill level 19 in Unarmed Combat
 54900 | Vaults:3 | Identified the +11 dagger "Hucries" {freeze, rF+ rCorr
                  | Int-2 SInv}
 55008 | Vaults:3 | Bought a scroll of acquirement for 1092 gold pieces
 55008 | Vaults:3 | Acquired 803 gold pieces
 55325 | Vaults:3 | Found Qoplabbe's Weapon Emporium.
 56427 | Vaults:4 | Found a runed translucent gate.
 56427 | Vaults:4 | Found a runed translucent gate.
 56427 | Vaults:4 | Found a runed translucent gate.
 56427 | Vaults:4 | Noticed Cewk's ghost (adept DEVM)
 56467 | Vaults:4 | Reached XP level 23. HP: 148/148 MP: 35/41
 56796 | Vaults:4 | Identified the +6 halberd of Diteb {venom, rPois rF+
                  | Stlth+}
 57280 | Vaults:4 | Found a viscous altar of Jiyva.
 57570 | Crypt:1  | Entered Level 1 of the Crypt
 57947 | Crypt:1  | Found a basalt altar of Yredelemnul.
 58122 | Crypt:1  | Found a large runed translucent door.
 58124 | Crypt:1  | Found a large runed translucent door.
 58166 | Crypt:1  | Noticed Hagriufa's ghost (veteran VSSu)
 58539 | Crypt:1  | Killed Hagriufa's ghost
 58623 | Crypt:2  | Reached skill level 15 in Spellcasting
 59379 | Crypt:3  | Entered Level 3 of the Crypt
 59671 | Crypt:3  | Noticed a dread lich
 59672 | Crypt:3  | Found a basalt altar of Yredelemnul.
 59681 | Crypt:3  | Killed a dread lich
 59725 | Crypt:3  | Found the +13 scythe of Curses {drain, Drain}
 59782 | Crypt:3  | Reached XP level 24. HP: 154/154 MP: 38/42
 59921 | Crypt:3  | Reached skill level 20 in Unarmed Combat
 60155 | Crypt:3  | Found a staircase to the Tomb.
 61023 | Lair:1   | Bought the ring "Abroroah" {rPois rC+ rN+++ Str-4 Int+2}
                  | for 1007 gold pieces
 61169 | Snake:3  | Bought a ring of resist corrosion for 260 gold pieces
 61468 | Depths:1 | Entered Level 1 of the Depths
 61511 | Depths:1 | Found a runed translucent door.
 61517 | Depths:1 | Reached skill level 10 in Earth Magic
 61528 | Depths:1 | Reached skill level 15 in Conjurations
 61553 | Depths:1 | Learned a level 2 spell: Blink
 61559 | Depths:1 | Learned a level 5 spell: Manifold Assault
 61859 | Snake:3  | Bought a manual of Spellcasting for 1360 gold pieces
 62220 | Depths:1 | Reached skill level 1 in Translocations
 62285 | Depths:1 | Found a one-way gate to the infinite horrors of the Abyss.
 62514 | Depths:1 | Reached skill level 10 in Shields
 63055 | Depths:1 | Found a gateway to Hell.
 63446 | Depths:2 | Reached XP level 25. HP: 134/159 MP: 37/43
 63807 | Depths:2 | Found a glowing golden altar of the Shining One.
 64032 | Depths:2 | Learned a level 8 spell: Necromutation
 64096 | Depths:2 | Found a one-way gate leading to the halls of Pandemonium.
 64326 | Depths:3 | Found a one-way gateway to a ziggurat.
 64376 | Depths:3 | Found Cawkeata's Book Shoppe.
 64379 | Depths:3 | Found Dylos's Jewellery Boutique.
 64380 | Depths:3 | Found Neovvul's Book Shoppe.
 64398 | Depths:3 | Found a corrupted altar of Lugonu.
 64431 | Depths:3 | Reached skill level 5 in Translocations
 65140 | Depths:3 | Found a glowing silver altar of Zin.
 65461 | Depths:4 | Entered Level 4 of the Depths
 65495 | Depths:4 | Found an ornate altar of the Wu Jian Council.
 65573 | Depths:4 | Bought the ring of Wisdom {rC+ Slay+2} for 969 gold pieces
 65725 | Depths:4 | Found Zaadwump's One-of-a-Kind Books.
 65785 | Depths:4 | Reached skill level 21 in Unarmed Combat
 65964 | Depths:4 | Found a burning altar of Makhleb.
 66170 | Depths:4 | Found a gate to the Realm of Zot.
 66357 | Hell     | Entered the Vestibule of Hell
 66357 | Hell     | Noticed Geryon
 66369 | Hell     | Killed Geryon
 66542 | Hell     | Reached XP level 26. HP: 142/170 MP: 42/44
 66738 | Hell     | Found a gateway to the freezing wastes of Cocytus.
 66952 | Hell     | Found a gateway to the Iron City of Dis.
 67123 | Hell     | Found a gateway to the ashen valley of Gehenna.
 67288 | Hell     | Slain by a reaper

Illustrated notes

Levels and vault maps discovered:
D:1:      heliophobic_arrival_enchanted_forest, layout_basic, minmay_box_of_dots
D:2:      layout_rooms, serial_shops, shop, serial_aquarium,
          aquarium_bridge_square [aquarium_subvault_balcony,
          aquarium_subvault_bridge, aquarium_subvault_bridge,
          aquarium_subvault_window], aquarium_window_corner,
          aquarium_window_corner, aquarium_window_1, aquarium_window_1,
          aquarium_view_2b
D:3:      layout_basic, lemuel_tele_altar
D:4:      wad_river_or_something, layout_basic,
          minmay_temple_entry_gardened_gates, ebering_ghost_rock_garden
D:5:      layout_basic, uniq_menkaure
D:6:      layout_basic, mainiacjoe_overflow_boulevard,
          gammafunk_ghost_necromancy
D:7:      layout_basic, kennysheep_orc_sif_temple
D:8:      layout_basic, amethyst_overflow_temple_binary, minmay_quadrilaterals
D:9:      minmay_chambers_of_sixes, layout_small_grid,
          mainiacjoe_overflow_alcove_4, gammafunk_temple_overflow_forgotten,
          david_lair_generic, uniq_gastronok
D:10:     layout_long_grid, zombieorc1_lemuel, uniq_snorg
D:11:     layout_basic
D:12:     kennysheep_six_static_rooms, layout_gridville, okawaru_humans
D:13:     layout_basic, trove_entry_hex_spiral
D:14:     nooodl_glass_maze, layout_loops_ring, erik_vaults_2, serial_shops,
          nicolae_shop_hallway_plus, nicolae_ru_sacrificial_ziggurat
D:15:     hangedman_depths_entry_try_elsewhere_first, layout_rooms,
          grunt_decor_junction, beargit_hepliaklqana_dungeon_heroes
Temple:   nicolae_temple_god_jail
Lair:1:   layout_gridlike
Lair:2:   layout_hall_layers, spider_nest_entry_a, nicolae_lair_grazing_beasts
          [nicolae_sub_lair_graze_edge, nicolae_sub_lair_graze_edge,
          nicolae_sub_lair_graze_edge, nicolae_sub_lair_graze_edge]
Lair:3:   gammafunk_lair_enchanted_lake, layout_gridlike, st_stairs_12
Lair:4:   layout_regular_city, minmay_snake_entry_six_corridors,
          nicolae_lair_run_with_the_wolves
Lair:5:   cheibrodos_lair_river_kwai, layout_loops_ring,
          minmay_slime_entry_oklob_enclosed, lemuel_fruit_fields,
          grunt_megastairs_3
Lair:6:   cheibrodos_lair_end_hotspot, layout_gridlike,
          nzn_masters_of_martial_movement
Snake:1:  layout_grid_maze, grunt_megastairs_5
Snake:2:  layout_onion, serial_shops, shop, corexii_hall_statues_l,
          serial_bayou_shore_b, uniq_donald, uniq_vashnia, uniq_aizul
Snake:3:  layout_gridlike, lemuel_oklob_altar, minmay_shop_star,
          grunt_megastairs_4
Snake:4:  johnstein_snake_rune_scales, layout_cave_town, uniq_mara
Spider:1: layout_chambers, guppyfry_spider_mini_3
Spider:2: layout_spider_delve
Spider:3: layout_chambers, uniq_asterion
Spider:4: grunt_spider_rune_circles, uniq_arachne
Orc:1:    nicolae_orc_accident_2, layout_diamond_mine, basic_altar,
          serial_shops, minmay_orc_barracks
Orc:2:    st_orc_elflike, layout_caves, serial_shops, shop
Elf:1:    eino_elf_arrival_altar, layout_loops_cross, serial_co_window_serial,
          co_window_corner_a, co_window_of_opportunity_a, co_window_corner_a,
          co_window_paths_b, co_window_corner_a, co_window_of_opportunity_a,
          co_window_corner_a, co_window_corner_a, co_window_of_opportunity_a,
          co_window_unsneaky_path_b, co_window_corner_ca, co_window_4corner_a,
          glass_columns_b
Elf:2:    nicolae_elf_blades_crystal_corner, layout_loops_cross, serial_shops,
          bzr_entry_lakeside, minmay_misc_feat_ornament,
          hangedman_elf_represent, uniq_nikola
Elf:3:    grunt_elf_hall_spiral, layout_geoelf_octagon, serial_shops,
          nicolae_shop_trees, shop, nicolae_shop_trees
Vaults:1: ontoclasm_vaults_idyll, dpeg_vaults_monster_box,
          nicolae_vaults_rhombus_6, nicolae_vaults_specimen_jars,
          ontoclasm_vaults_hangar, vaults_room_door_ring,
          ontoclasm_vaults_pinch, nicolae_vaults_yaktaur_gun_rack,
          layout_vaults_omnigrid
Vaults:2: hangedman_vaults_unwind, v_misc_32, nicolae_vaults_branching_niches,
          v_misc_8, vaults_mumra_minichess, minmay_crypt_entry_simple_sparse,
          vaults_room_pools, v_misc_14, ontoclasm_vaults_ring_large,
          ontoclasm_vaults_ring_square, hangedman_vaults_maws,
          ontoclasm_vaults_decontamination, ontoclasm_vaults_fault,
          ontoclasm_vaults_shuriken, layout_vaults_omnibox, serial_shops, shop
Vaults:3: nicolae_vaults_little_squares_1, nicolae_vaults_little_squares_6,
          ontoclasm_vaults_eye, nicolae_vaults_diagonal_hallway_9,
          ontoclasm_vaults_tryst, v_misc_4, grunt_vaults_swirl,
          nicolae_vaults_quadrants, vaults_standard_mumra_enter_the_diamond,
          nicolae_vaults_hallways_thing, hangedman_vaults_slither,
          hangedman_vaults_capsules, v_alt_pattern_3, nicolae_vaults_theta,
          layout_vaults_maze_bifur, serial_shops, nicolae_shop_statue_plus
Vaults:4: gammafunk_ghost_ooze, v_rooms_3, v_pattern_5, v_misc_23,
          vaults_standard_mumra_lines, nicolae_vaults_bisected_inception,
          vaults_room_semicircle, grunt_vaults_diagonal, v_misc_27,
          nicolae_vaults_little_squares_2, hangedman_vaults_snaps,
          ontoclasm_vaults_echo, nicolae_vaults_little_squares_4,
          layout_vaults_ring
Crypt:1:  layout_basic, basic_altar, ebering_ghost_disaster_area
Crypt:2:  layout_chaotic_city
Crypt:3:  cryptofortress_bobbens
Depths:1: minmay_gate_of_8, layout_honeycomb, abyss_entry, hellmouth_1,
          kennysheep_boxes, hex_tiny, kennysheep_generic_room_8,
          serial_bayou_shore_a
Depths:2: nzn_winding_woodlands_medium [nzn_winding_woodlands_5x5_closed_star,
          nzn_winding_woodlands_5x15_garden,
          nzn_winding_woodlands_5x5_checkerboard,
          nzn_winding_woodlands_5x5_three,
          nzn_winding_woodlands_center_diamonds,
          nzn_winding_woodlands_5x5_open_star, nzn_winding_woodlands_hourglass,
          nzn_winding_woodlands_5x15_twine,
          nzn_winding_woodlands_5x5_perimeter], layout_cave_shapes,
          grunt_pan_entry_zigzag, serial_sigils_hangedman_writhe,
          lightli_too_deep, tso_oasis_becter, infiniplex_staircase_pillars_2,
          serial_bayou_shore_b
Depths:3: minmay_cut_squares, layout_gridlike, enter_ziggurat_c,
          infiniplex_staircase_star, abyss_entry_flame_altar, hell_entry,
          pan_entry, zin_treasury, minmay_shop_grove
Depths:4: grunt_twist_and_shout, layout_basic, hell_entry, old_standard_altar,
          kennysheep_pointless_box, nicolae_rare_books,
          nicolae_wu_jian_wuxing_cycle
Hell

Skill      XL: |  1  2  3  4  5  6  7  8  9 10 11 12 13 14 15 16 17 18 19 20 21 22 23 24 25 26 |
---------------+-------------------------------------------------------------------------------+-----
Fighting       | 2 3 4 5 6 7 8 9 10 11 | 11.7
Throwing       | 1 |  1.5
Unarmed Combat | 4 5 6 7 8 10 11 12 13 14 15 16 17 18 19 20 21 | 21.3
Dodging        | 3 4 5 6 7 8 9 10 11 12 13 14 15 | 15.0
Transmutations | 3 4 5 6 8 9 10 11 12 13 14 15 16 17 18 | 18.0
Spellcasting   | 3 4 5 6 7 8 9 10 11 12 13 14 15 16 17 | 17.9
Poison Magic   | 1 2 3 4 6 7 8 9 |  9.0
Ice Magic      | 1 2 3 4 5 7 8 9 10 | 10.0
Evocations     | 3 4 5 8 |  8.5
Air Magic      | 1 4 5 6 8 9 10 11 12 | 12.0
Conjurations   | 1 4 5 7 8 9 11 12 13 14 15 | 15.0
Earth Magic    | 3 5 7 9 10 | 10.0
Shields        | 4 6 8 10 11 12 | 12.0
Translocations | 4 7 |  7.5

Action                   |  1- 3 |  4- 6 |  7- 9 | 10-12 | 13-15 | 16-18 | 19-21 | 22-24 | 25-27 || total
-------------------------+-------+-------+-------+-------+-------+-------+-------+-------+-------++-------
Melee: Unarmed           |    85 |    83 |   181 |   528 |   656 |   645 |   720 |  1100 |   469 ||  4467
       Constrict         |    24 |    18 |    21 |    14 |     8 |    12 |    49 |   216 |    82 ||   444
       Tentacles         |    18 |    17 |    21 |    17 |    13 |    15 |    83 |   365 |   164 ||   713
       Kick              |       |     8 |    12 |     5 |       |       |       |       |       ||    25
       Punch             |       |     1 |     7 |     3 |     5 |    35 |   103 |   233 |   117 ||   504
       Tailslap          |       |       |       |       |       |    28 |    65 |       |       ||    93
       Bite              |       |       |       |       |       |    11 |    46 |       |       ||    57
Throw: Javelin           |       |       |    15 |     1 |     1 |       |       |       |       ||    17
       Boomerang         |       |       |     3 |       |       |       |       |       |       ||     3
 Cast: Beastly Appendage |       |     6 |     5 |     1 |       |       |     1 |       |       ||    13
       Spider Form       |       |     1 |    11 |     4 |       |       |     1 |       |       ||    17
       Wereblood         |       |       |     7 |    32 |    23 |     3 |     1 |    25 |     9 ||   100
       Poisonous Vapours |       |       |     4 |    12 |     6 |       |       |       |       ||    22
       Ice Form          |       |       |     1 |    42 |    74 |    67 |     4 |       |       ||   188
       Olgreb's Toxic Ra |       |       |       |    13 |    48 |    87 |     3 |       |       ||   151
       Freezing Cloud    |       |       |       |       |    53 |   100 |   117 |     9 |     2 ||   281
       Ozocubu's Armour  |       |       |       |       |       |     4 |     5 |       |       ||     9
       Dragon Form       |       |       |       |       |       |     8 |    60 |     1 |       ||    69
       Statue Form       |       |       |       |       |       |       |    17 |    68 |    26 ||   111
       Blink             |       |       |       |       |       |       |       |       |     2 ||     2
Invok: Potion Petition   |       |       |     1 |     3 |     1 |       |       |       |       ||     5
       Call Merchant     |       |       |       |     2 |     2 |     1 |     3 |     2 |     1 ||    11
 Abil: Breathe Fire      |       |       |       |       |       |     4 |     4 |       |       ||     8
Evoke: Wand              |       |       |       |     9 |    18 |       |     1 |     1 |       ||    29
  Use: Scroll            |       |       |    16 |     1 |    13 |     1 |    10 |     2 |       ||    43
       Potion            |       |       |     2 |       |       |       |       |     2 |       ||     4
 Stab: Sleeping          |     8 |     7 |     1 |     2 |     2 |     6 |    16 |    21 |       ||    63
       Distracted        |       |       |     2 |     3 |     7 |    11 |    15 |    22 |    13 ||    73
       Invisible         |       |       |     4 |       |       |       |       |       |       ||     4
       Paralysed         |       |       |       |       |       |       |     2 |       |       ||     2
Armor: Skin              |     8 |     1 |     2 |   126 |   117 |   166 |   181 |   308 |   152 ||  1061
Dodge: Dodged            |    45 |    43 |   131 |   369 |   498 |   575 |   521 |  1035 |   480 ||  3697
Block: Kite shield       |       |       |       |       |       |       |       |   636 |   349 ||   985
       Reflection        |       |       |       |       |       |       |       |    25 |     4 ||    29

Table legend: (Time is in decaauts)
 A = Elapsed time spent in this place.
 B = Non-inter-level travel time spent in this place.
 C = Inter-level travel time spent in this place.
 D = Time resting spent in this place.
 E = Time spent auto-exploring this place.
 F = Levels seen in this place.
 G = Mean time per level.
                   A        B        C        D        E       F      G
               +--------+--------+--------+--------+--------+-----+--------+
         Total |  69525 |  62842 |   6683 |   9745 |  37868 |  50 | 1390.5 |
       Dungeon |  19829 |  17489 |   2340 |   2736 |  11158 |  15 | 1321.9 |
        Temple |    125 |    115 |     10 |      0 |     96 |   1 |  125.0 |
          Lair |   9470 |   7629 |   1841 |    745 |   4716 |   6 | 1578.3 |
     Snake Pit |   7120 |   6206 |    914 |   1443 |   3312 |   4 | 1780.0 |
   Spider Nest |   6832 |   6631 |    201 |   1717 |   3696 |   4 | 1708.0 |
  Orcish Mines |   2138 |   1876 |    262 |    353 |    768 |   2 | 1069.0 |
   Elven Halls |   6696 |   6345 |    351 |   2114 |   2767 |   3 | 2232.0 |
        Vaults |   6816 |   6343 |    473 |    166 |   4778 |   4 | 1704.0 |
         Crypt |   3784 |   3673 |    111 |     19 |   2670 |   3 | 1261.3 |
        Depths |   5221 |   5043 |    178 |    411 |   3149 |   4 | 1305.2 |
          Hell |   1025 |   1025 |      0 |     39 |    637 |   1 | 1025.0 |
         Abyss |    332 |    332 |      0 |      0 |      0 |   2 |  166.0 |
        Bazaar |    131 |    131 |      0 |      0 |    119 |   1 |  131.0 |
               +--------+--------+--------+--------+--------+-----+--------+

Top non-repeatable levels by time:
   Elf:2: 2467 daAuts
   Elf:3: 2448 daAuts
 Snake:1: 2413 daAuts
Spider:3: 2053 daAuts
Spider:1: 1992 daAuts
Vaults:2: 1986 daAuts
  Lair:6: 1861 daAuts
 Snake:2: 1843 daAuts
   Elf:1: 1779 daAuts
Vaults:4: 1760 daAuts
  Lair:4: 1672 daAuts
Vaults:3: 1656 daAuts
    D:12: 1619 daAuts
     D:9: 1616 daAuts
Spider:4: 1615 daAuts
